 Dungeon Crawl Stone Soup version 0.31.0-32-g396128a36d (webtiles) character file.

Game seed: 10306648048837820168

1453 NineInchNils the Fighter (level 8, -26/73 HPs)
             Began as a Demonspawn Berserker on Mar 31, 2024.
             Was a Priest of Trog.
             Annihilated by a white ugly thing (27 damage)
             ... on level 7 of the Dungeon.
             The game lasted 00:10:48 (7088 turns).

NineInchNils the Fighter (Demonspawn Berserker)     Turns: 7088, Time: 00:10:49

Health: -26/73     AC:  9    Str: 21    XL:     8   Next: 47%
Magic:  8/8        EV: 11    Int:  7    God:    Trog [***...]
Gold:   378        SH:  0    Dex: 12    Spells: 7/7 levels left

rFire   . . .        a - +0 hand axe
rCold   . . .        (no shield)
rNeg    . . .        y - +0 ring mail
rPois   .            (no helmet)
rElec   .            e - scarf {repulsion}
rCorr   .            g - +0 pair of gloves
SInv    .            (no boots)
Will    .....        (no amulet)
Stlth   +            (no ring)
HPRegen 0.32/turn    (no ring)
MPRegen 0.22/turn

%: repel missiles
@: about to teleport
A: thin metallic scales 2, ignite blood 2, magic regeneration, demonic touch 2
a: Renounce Religion, Berserk, Trog's Hand


You were on level 7 of the Dungeon.
You worshipped Trog.
Trog was most pleased with you.
You visited 1 branch of the dungeon, and saw 7 of its levels.
You also visited: Sewer.

You collected 378 gold pieces.

Inventory:

Hand Weapons
 a - a +0 hand axe (weapon)
Armour
 b - a +0 animal skin
 e - a scarf of repulsion (worn)
 g - a +0 pair of gloves (worn)
 h - a +0 ring mail
 y - a +0 ring mail (worn)
Jewellery
 f - a ring of willpower
 p - an amulet of faith
Wands
 q - a wand of flame (23)
 r - a wand of charming (2)
 u - a wand of mindburst (16)
Scrolls
 c - 3 scrolls of teleportation
 j - a scroll of vulnerability {unknown}
 l - 2 scrolls of revelation {unknown}
 m - a scroll of torment
 o - a scroll of amnesia {unknown}
 t - a scroll of fog {unknown}
 w - a scroll of enchant weapon {unknown}
 x - 2 scrolls of identify {@r2}
Potions
 d - a potion of attraction
 i - 2 potions of curing
 k - 3 potions of heal wounds
 n - a potion of resistance
 s - 3 potions of enlightenment
 v - a potion of might {unknown}
 z - a potion of ambrosia {unknown}


   Skills:
 * Level 10.5 Fighting
 + Level 3.3 Axes
 + Level 2.5 Armour
 - Level 2.0 Dodging


You had 7 spell levels left.
You didn't know any spells.
Your spell library was empty.

Dungeon Overview and Level Annotations

Branches:
Dungeon (7/15)             Temple (0/1) D:5           Sewer (visited)

Altars:
Ashenzari
Kikubaaqudgha
Sif Muna
Vehumet
Xom


Innate Abilities, Weirdness & Mutations

You are mostly covered in thin metallic scales. (AC +3)
Your demonic aura often causes spilled blood to erupt in flames.
You regenerate magic rapidly.
Your touch may inflict irresistible damage on your foes.


Message History

You hit the white ugly thing.
The white ugly thing is lightly wounded.
The white ugly thing barely misses you.
You hit the white ugly thing.
The white ugly thing is lightly wounded.
A centaur comes into view.
The white ugly thing barely misses you.
You closely miss the white ugly thing.
The white ugly thing is lightly wounded.
The white ugly thing barely misses you.
A kobold brigand comes into view.
It is wielding a +0 club and quivering poisoned darts.
You slash the white ugly thing!
The white ugly thing is moderately wounded.
The white ugly thing tentacle-slaps you but does no damage.
You hit the white ugly thing.
The white ugly thing is moderately wounded.
The white ugly thing tentacle-slaps you!
The white ugly thing freezes you!!
A gnoll comes into view. It is wielding a +0 club.
The white ugly thing attacks as it pursues you!
The white ugly thing tentacle-slaps you!
* * * LOW HITPOINT WARNING * * *
The white ugly thing freezes you!!
* * * LOW HITPOINT WARNING * * *
Okay, then.
You feel much better.
The white ugly thing is engulfed in blazing flames.
The white ugly thing tentacle-slaps you.
* * * LOW HITPOINT WARNING * * *
The white ugly thing freezes you!!
* * * LOW HITPOINT WARNING * * *
As you read the scroll of teleportation, it crumbles to dust.
You feel strangely unstable.
The white ugly thing is engulfed in blazing flames.
The white ugly thing tentacle-slaps you but does no damage.
The white ugly thing is engulfed in blazing flames. x2
The white ugly thing tentacle-slaps you!
* * * LOW HITPOINT WARNING * * *
The white ugly thing freezes you!!
You die...

##...##......#.##..#...
#..#..#..#.........#.#.
##..#..##.#####.....#...
#......[#..# ####..#..
##.....###.## ##.#..
#.###.###.#..### #.#
#.........##...### #.#
######...#####...###.###.
#.......@.# ###...#.....
...#######u# ###...###.
#°# ###...# #O# ###...
#c# ##. #55 #Kg. #...#
..#..


You could see a white ugly thing, a two-headed ogre, a kobold brigand, a
centaur, a gnoll, a white imp and a shadow imp.

Vanquished Creatures
  Grinder (D:5)
  An ice beast (D:5)
  2 sky beasts
  A black bear (D:3)
  A brain worm (Sewer)
  2 bullfrogs
  2 scorpions
  A bombardier beetle (D:5)
  A hound (D:6)
  An orc priest (D:5)
  2 sleepcaps (D:6)
  A jelly (D:7)
  Ijyb (D:5)
  3 iguanas
  A statue (D:6)
  3 gnolls (D:5)
  10 adders
  3 river rats (Sewer)
  A shadow imp (D:6)
  A white imp (D:5)
  2 dart slugs
  3 ribbon worms
  8 orcs
  7 bats
  6 endoplasms
  9 giant cockroaches
  5 goblins
  9 hobgoblins
  3 jackals (Sewer)
  10 kobolds
  4 quokkas
  12 ball pythons
  5 frilled lizards
  4 rats
126 creatures vanquished.

Notes
Turn   | Place    | Note
-------+----------+-------------------------------------------
     0 | D:1      | NineInchNils the Demonspawn Berserker began the quest for
                  | the Orb.
     0 | D:1      | Reached XP level 1. HP: 18/18 MP: 1/1
   195 | D:1      | Gained mutation: Your touch may inflict minor irresistible
                  | damage on your foes. [demonic ancestry]
   195 | D:1      | Reached XP level 2. HP: 24/24 MP: 2/2
   537 | D:1      | Found a faded altar of an unknown god.
  1057 | D:2      | Reached ** piety under Trog
  1058 | D:2      | Gained mutation: You regenerate magic rapidly. [demonic
                  | ancestry]
  1058 | D:2      | Reached XP level 3. HP: 30/30 MP: 3/3
  1803 | D:3      | Reached skill level 4 in Fighting
  1848 | D:3      | Noticed a black bear
  1856 | D:3      | Killed a black bear
  1857 | D:3      | Reached skill level 5 in Fighting
  1857 | D:3      | Gained mutation: Your touch may inflict irresistible damage
                  | on your foes. [demonic ancestry]
  1857 | D:3      | Reached XP level 4. HP: 39/39 MP: 4/4
  2092 | D:3      | Gained mutation: You are partially covered in thin metallic
                  | scales. (AC +2) [demonic ancestry]
  2092 | D:3      | Reached XP level 5. HP: 40/44 MP: 5/5
  2180 | D:3      | Found a broken altar of Ashenzari.
  3060 | D:4      | Reached skill level 6 in Fighting
  3161 | D:4      | Gained mutation: You are mostly covered in thin metallic
                  | scales. (AC +3) [demonic ancestry]
  3161 | D:4      | Reached XP level 6. HP: 47/53 MP: 6/6
  3216 | D:4      | Found a shimmering blue altar of Sif Muna.
  3622 | D:5      | Entered Level 5 of the Dungeon
  3639 | D:5      | Noticed Grinder
  3646 | D:5      | Killed Grinder
  3647 | D:5      | Reached skill level 7 in Fighting
  3647 | D:5      | Gained mutation: Your demonic aura sometimes causes spilled
                  | blood to erupt in flames. [demonic ancestry]
  3647 | D:5      | Reached XP level 7. HP: 61/61 MP: 7/7
  3892 | D:5      | Found a staircase to the Ecumenical Temple.
  3952 | D:5      | Reached skill level 8 in Fighting
  4122 | D:5      | Noticed Ijyb
  4127 | D:5      | Killed Ijyb
  4768 | D:6      | Reached skill level 9 in Fighting
  4881 | D:6      | Found a glowing drain.
  4950 | Sewer    | Entered a sewer
  5226 | Sewer    | Gained mutation: Your demonic aura often causes spilled
                  | blood to erupt in flames. [demonic ancestry]
  5226 | Sewer    | Reached XP level 8. HP: 64/71 MP: 6/8
  5365 | Sewer    | Reached *** piety under Trog
  5864 | D:6      | Found an ancient bone altar of Kikubaaqudgha.
  5866 | D:6      | Found a shimmering altar of Xom.
  5879 | D:6      | Reached skill level 10 in Fighting
  6418 | D:6      | Found a radiant altar of Vehumet.
  7074 | D:7      | Noticed a white ugly thing
  7076 | D:7      | Noticed a two-headed ogre
  7088 | D:7      | HP: 1/73 [white ugly thing (8)]
  7088 | D:7      | Annihilated by a white ugly thing

Illustrated notes

Levels and vault maps discovered:
D:1:      dpeg_arrival_windows_large_door, layout_loops_ring,
          shapermc_ecumenical_altar_flowoftime
D:2:      layout_basic
D:3:      layout_loops_corners, cheibrodos_ashenzari_chains
D:4:      layout_loops_corners, lemuel_doored_altar
D:5:      layout_basic, minmay_temple_entry_hall, minmay_misc_feat_cross,
          uniq_grinder, uniq_ijyb
D:6:      layout_basic, vehumet_statue, mainiacjoe_overflow_catwalk_spiral,
          gup_sewer_entry_glass, bh_walls_and_bars
D:7:      minmay_the_grid_four_pointed_star
          [minmay_the_grid_triangle_9x9_negative_grid,
          minmay_the_grid_triangle_9x9_zippers_horizontal,
          minmay_the_grid_triangle_9x9_dagger,
          minmay_the_grid_triangle_9x9_windchime,
          minmay_the_grid_prize_shrinking_boxes], layout_basic,
          minmay_misc_feat_square, serial_library_hellmonk_small_corner,
          nicolae_shop_i_like_small_books_too, hangedman_decor_growths,
          hellmonk_no_cap

Skill      XL: |  1  2  3  4  5  6  7  8 |
---------------+-------------------------+-----
Dodging        | 2 |  2.0
Armour         | 2 |  2.5
Axes           | 3 |  3.3
Fighting       | 5 6 7 9 10 | 10.5

Action                     |  1- 3 |  4- 6 |  7- 9 || total
---------------------------+-------+-------+-------++-------
  Melee: Hand axe          |    75 |    90 |   211 ||   376
         Touch             |    12 |    13 |    37 ||    62
         Punch             |       |     2 |     4 ||     6
 Invoke: Berserk           |     1 |     2 |     7 ||    10
         Trog's Hand       |       |       |     1 ||     1
    Use: Potion            |     1 |     3 |     1 ||     5
         Scroll            |     1 |     2 |     3 ||     6
   Stab: Sleeping          |     1 |       |       ||     1
 Armour: Animal skin       |     9 |       |       ||     9
         Ring mail         |    22 |    54 |   141 ||   217
  Dodge: Dodged            |    53 |    52 |   123 ||   228
